 Dungeon Crawl Stone Soup version 0.20.1-1-g8b1a95d (webtiles) character file.

10616 equalderp2856 the Cleaver (level 11, -22/94 (95) HPs)
             Began as a Minotaur Fighter on Sept 19, 2017.
             Annihilated by a white ugly thing (29 damage)
             ... on level 11 of the Dungeon.
             The game lasted 00:26:06 (11411 turns).

equalderp2856 the Cleaver (Minotaur Fighter)       Turns: 11411, Time: 00:26:07

HP:   -22/94 (95)   AC: 18    Str: 20    XL:     11   Next: 38%
MP:   10/10         EV: 13    Int:  6    God:
Gold: 506           SH: 12    Dex: 13    Spells: 10/10 levels left

rFire    . . .     SeeInvis .   a - +1 war axe
rCold    . . .     Gourm    .   c - +0 shield
rNeg     . . .     Faith    .   K - +0 plate armour
rPois    +         Spirit   .   (helmet restricted)
rElec    .         Reflect  .   (no cloak)
rCorr    .         Harm     .   y - +0 pair of gloves
MR       .....                  w - +1 pair of boots
Stlth    ..........             M - amulet of rage
Regen    0.3/turn               Q - +6 ring of evasion
MPRegen  0.2/turn               E - ring of poison resistance

@: no status effects
A: retaliatory headbutt, horns 2
a: Evoke Berserk Rage


You were on level 11 of the Dungeon.
You were very hungry.

You visited 2 branches of the dungeon, and saw 13 of its levels.

You collected 701 gold pieces.
You spent 195 gold pieces at shops.

Inventory:

Hand Weapons
 a - a +1 war axe (weapon)
 J - a +0 trident
Armour
 c - a +0 shield (worn)
 w - a +1 pair of boots (worn)
 y - a +0 pair of gloves (worn)
 K - a +0 plate armour (worn)
 V - the cursed +0 chain mail "Ligithrar" {Dex+7, unknown}
   (You found it on level 10 of the Dungeon)

   It affects your dexterity (+7).
   It has a curse placed upon it.
Jewellery
 b - the ring of Curiosity {*Tele rElec Str-4 Int+3}
   (You found it on level 9 of the Dungeon)

   [ring of teleportation]

   It may teleport you next to monsters.
   It affects your strength (-4).
   It affects your intelligence (+3).
   It insulates you from electricity.
 q - an uncursed ring of stealth
 r - a +4 ring of dexterity {unknown}
 x - a +1 ring of protection
 E - a ring of poison resistance (right hand)
 M - an amulet of rage (around neck)
 Q - a +6 ring of evasion (left hand)
 R - an uncursed ring of protection from cold
Wands
 s - a wand of flame (32/48)
 v - a wand of confusion (16/48)
 F - a wand of iceblast (8/15)
 I - a wand of paralysis (18/24)
 O - a wand of paralysis (7/24)
 S - a wand of iceblast (4/15)
 T - a wand of iceblast (5/15)
 W - a wand of lightning (4/15)
 Z - a wand of lightning (2/15)
Scrolls
 e - 4 scrolls of identify
 g - 3 scrolls of remove curse
 i - 2 scrolls of fog
 m - 2 scrolls of noise
 p - 2 scrolls of recharging
 u - 2 scrolls of teleportation
 C - 3 scrolls of fear
 D - a scroll of random uselessness
 H - a scroll of immolation
 L - 2 scrolls of enchant armour
 P - 2 scrolls of magic mapping
 U - a scroll of silence
Potions
 d - 6 potions of might
 h - 2 potions of resistance
 l - 2 potions of berserk rage
 o - 2 potions of magic
 t - 5 potions of heal wounds
 z - a potion of invisibility
 A - 3 potions of curing
 B - 2 potions of haste
 X - a potion of brilliance
Books
 G - a book of Geomancy

   Spells                             Type                      Level
   a - Sandblast                      Earth                        1
   b - Passwall                       Transmutation/Earth          2
   c - Stone Arrow                    Conjuration/Earth            3
   d - Petrify                        Transmutation/Earth          4
   e - Lee's Rapid Deconstruction     Earth                        5
 Y - a book of Flames

   Spells                             Type                      Level
   a - Flame Tongue                   Conjuration/Fire             1
   b - Throw Flame                    Conjuration/Fire             2
   c - Conjure Flame                  Conjuration/Fire             3
   d - Inner Flame                    Hexes/Fire                   3
   e - Sticky Flame                   Conjuration/Fire             4
   f - Fireball                       Conjuration/Fire             5
Miscellaneous
 N - a lightning rod (4/4)
Comestibles
 f - 5 bread rations
 j - 3 meat rations
 k - 13 royal jellies
 n - 9 fruits


   Skills:
 + Level 8.8 Fighting
 + Level 13.1 Axes
 + Level 10.3 Armour
 + Level 3.6 Dodging
 + Level 1.9 Stealth
 + Level 10.9 Shields
 + Level 0.1 Evocations


You had 10 spell levels left.
You didn't know any spells.

Dungeon Overview and Level Annotations

Branches:
Dungeon (11/15)            Temple (0/1) D:5            Lair (2/6) D:8
  Swamp: Lair:2-4    Shoals: Lair:2-4     Snake: Lair:2-4    Spider: Lair:2-4
    Orc: D:9-12

Altars:
Elyvilon
Gozag
Okawaru
Uskayaw
Zin
The Shining One

Shops:
D:6 !   D:7 ?

Annotations:
D:2 Sigmund
Lair:1 vatarom's ghost, journeyman OgGl


Innate Abilities, Weirdness & Mutations

You reflexively headbutt those who attack you in melee.
You have a pair of horns on your head.


Message History

You closely miss the white ugly thing.
The white ugly thing is lightly wounded.
The white ugly thing closely misses you.
You furiously retaliate!
You headbutt the white ugly thing, but do no damage.
You slash the white ugly thing!
The white ugly thing is moderately wounded.
The white ugly thing trunk-slaps you! The white ugly thing freezes you!!
* * * LOW HITPOINT WARNING * * *
You closely miss the white ugly thing.
The white ugly thing is moderately wounded.
The white ugly thing trunk-slaps you but does no damage.
You slash the white ugly thing!
The white ugly thing is heavily wounded.
You block the white ugly thing's attack.
Found a white potion.
The white ugly thing trunk-slaps you!
* * * LOW HITPOINT WARNING * * *
The white ugly thing freezes you!!
You die...

#..........# ..#
####.......# ...#
#.......##### ....#
#...........#.....+
#.................#
#....###.#.#####..#
#....#..##.##..#
#...u#.#..#..#.#
#...@##..#.##.##
........##.#.#.#.##
........#.###)###.#
........#..#.#.#..#
..!.....##.#####.##
........#.#..#..#.#
######..#..##.##..#
#..###########


You could see a white ugly thing.

Vanquished Creatures
  A two-headed ogre (D:9)
  Sonja (Lair:1)
  Grinder (D:5)
  2 hornets
  3 blink frogs (Lair:2)
  4 hippogriffs
  7 yaks (D:9)
  3 wraiths
  A hungry ghost (D:7)
  A basilisk (Lair:2)
  2 water moccasins
  4 porcupines
  5 black bears
  2 ice beasts
  2 orc warriors
  3 sky beasts
  4 ogres
  8 necrophages
  4 centaurs
  An eye of draining (D:10)
  3 crocodiles
  4 wolves (Lair:1)
  The ghost of appiemonkey the Insei, an amateur MfTm (D:3)
  2 big kobolds
  4 bullfrogs
  A wyvern skeleton (D:10)
  3 scorpions
  5 wights (D:6)
  A howler monkey (D:6)
  4 crimson imps
  A bullfrog zombie (D:5)
  5 hounds
  5 jellies
  A bullfrog skeleton (D:5)
  An orc priest (D:4)
  3 iguanas
  6 worker ants
  3 orc wizards
  2 hound zombies
  A hound skeleton (D:4)
  A worker ant zombie (D:8)
  A howler monkey skeleton (D:10)
  6 gnolls (D:10)
  4 river rats (D:10)
  8 adders
  4 shadow imps
  9 oozes
  5 worms
  2 dart slugs
  6 leopard geckos
  13 orcs
  12 giant cockroaches
  9 goblins
  12 hobgoblins
  3 jackals (D:8)
  2 ball pythons
  A ball python zombie (D:6)
  5 bats
  2 frilled lizards
  10 kobolds
  A leopard gecko skeleton (D:7)
  A leopard gecko zombie (D:5)
  A quokka skeleton (D:4)
  20 rats
  A fungus (D:8)
254 creatures vanquished.

Notes
Turn   | Place    | Note
-------+----------+-------------------------------------------
     0 | D:1      | equalderp2856 the Minotaur Fighter began the quest for the Orb.
     0 | D:1      | Reached XP level 1. HP: 19/19 MP: 0/0
   167 | D:1      | Reached XP level 2. HP: 27/27 MP: 1/1
   475 | D:1      | Reached XP level 3. HP: 33/33 MP: 2/2
   785 | D:2      | Reached skill level 3 in Axes
   808 | D:2      | Found an iron altar of Okawaru.
   940 | D:2      | Found a hide-covered altar of Uskayaw.
  1189 | D:2      | Reached XP level 4. HP: 41/41 MP: 3/3
  1369 | D:2      | Reached skill level 1 in Dodging
  1531 | D:2      | Noticed Sigmund
  1884 | D:3      | Reached skill level 4 in Axes
  1939 | D:3      | Reached XP level 5. HP: 33/47 MP: 4/4
  2083 | D:3      | Noticed appiemonkey's ghost (amateur MfTm)
  2100 | D:3      | Killed appiemonkey's ghost
  2100 | D:3      | Reached skill level 5 in Axes
  2491 | D:4      | Found an opulent altar of Gozag.
  2689 | D:4      | Reached XP level 6. HP: 55/55 MP: 5/5
  2851 | D:4      | Reached skill level 5 in Fighting
  3118 | D:5      | Entered Level 5 of the Dungeon
  3191 | D:5      | Noticed Grinder
  3204 | D:5      | Killed Grinder
  3204 | D:5      | Reached skill level 6 in Axes
  3204 | D:5      | Reached skill level 5 in Armour
  3204 | D:5      | Reached skill level 5 in Shields
  3204 | D:5      | Reached XP level 7. HP: 39/62 MP: 6/6
  3541 | D:5      | Found a glowing silver altar of Zin.
  3541 | D:5      | Found a glowing golden altar of the Shining One.
  3543 | D:5      | Found a white marble altar of Elyvilon.
  3623 | D:5      | Found a staircase to the Ecumenical Temple.
  4227 | D:6      | Found Pugufeil's Distillery.
  4230 | D:6      | Bought a potion of heal wounds for 65 gold pieces
  4230 | D:6      | Bought a potion of haste for 130 gold pieces
  4347 | D:6      | Reached skill level 7 in Axes
  4457 | D:6      | Reached XP level 8. HP: 71/71 MP: 7/7
  4759 | D:6      | Reached skill level 1 in Stealth
  5016 | D:6      | Reached skill level 8 in Axes
  5634 | D:7      | Found Yshifisch's Magic Scroll Boutique.
  5996 | D:7      | Reached skill level 9 in Axes
  5996 | D:7      | Reached XP level 9. HP: 73/79 MP: 8/8
  7256 | D:8      | Reached skill level 10 in Axes
  7320 | D:8      | Found a staircase to the Lair.
  7890 | Lair:1   | Entered Level 1 of the Lair of Beasts
  7923 | Lair:1   | Noticed Sonja
  7928 | Lair:1   | Killed Sonja
  8189 | Lair:1   | Reached XP level 10. HP: 79/86 MP: 9/9
  8247 | Lair:1   | Reached skill level 11 in Axes
  8468 | Lair:1   | Noticed vatarom's ghost (journeyman OgGl)
  8780 | Lair:2   | Reached skill level 10 in Shields
  9908 | D:9      | Got a pitted copper ring
  9914 | D:9      | Identified the ring of Curiosity {*Tele rElec Str-4 Int+3} (You found it on level 9 of the Dungeon)
 10063 | D:9      | Reached skill level 12 in Axes
 10160 | D:9      | Reached XP level 11. HP: 92/93 MP: 10/10
 10221 | D:9      | Noticed a two-headed ogre
 10235 | D:9      | Killed a two-headed ogre
 10235 | D:9      | Reached skill level 10 in Armour
 10701 | D:10     | Entered Level 10 of the Dungeon
 10884 | D:10     | Got a fine chain mail
 11037 | D:10     | Reached skill level 13 in Axes
 11391 | D:11     | Noticed a white ugly thing
 11411 | D:11     | Annihilated by a white ugly thing

Skill      XL: |  1  2  3  4  5  6  7  8  9 10 11 |
---------------+----------------------------------+-----
Fighting       | 4 5 6 7 8 |  8.8
Axes           | 3 4 5 6 7 9 10 12 13 | 13.1
Armour         | 4 5 6 8 9 10 | 10.3
Shields        | 4 5 6 8 10 | 10.9
Dodging        | 1 2 3 |  3.6
Stealth        | 1 |  1.9
Evocations     | |  0.1

Action                   |  1- 3 |  4- 6 |  7- 9 | 10-12 || total
-------------------------+-------+-------+-------+-------++-------
Melee: War axe           |   102 |   140 |   288 |   335 ||   865
       Headbutt          |    15 |    26 |    65 |    74 ||   180
Evoke: Wand              |       |       |     4 |       ||     4
  Use: Scroll            |       |       |     9 |     9 ||    18
 Stab: Paralysed         |       |       |     5 |       ||     5
  Eat: Chunk             |       |     7 |    14 |     8 ||    29
       Fruit             |       |       |     5 |     2 ||     7
       Royal jelly       |       |       |     1 |       ||     1
Armor: Scale mail        |    50 |    39 |    32 |       ||   121
       Plate armour      |       |       |    75 |   117 ||   192
Dodge: Dodged            |    39 |    37 |    78 |   144 ||   298
Block: Shield            |    62 |    69 |   139 |   196 ||   466
